Map: Canyon of Tribulation

Players

ODISEO - Winner!

  • Race: Protoss Protoss
  • League: Platinum
  • Spawn Location: 12:00

Kronus - Winner!

  • Race: Terran Terran
  • League: Platinum
  • Spawn Location: 3:00

ROMANOV - Winner!

  • Race: Terran Terran
  • League: Platinum
  • Spawn Location: 12:00

Throwfordays

  • Race: Protoss Protoss
  • League: Silver
  • Spawn Location: 7:00

Cthulhu

  • Race: Zerg Zerg
  • Spawn Location: 6:00

Faust

  • Race: Terran Terran
  • League: Diamond
  • Spawn Location: 6:00

VOD

Have the link to the VOD?

Description

Time

  • Played on: May 14, 2019, 12:46 a.m.
  • Length: 6:29
Show
View Real Time Build Order
Export as new Build Order

ODISEO Protoss - Winner!

Build Orders:  

Get SALT Encoding   

  12  0:04  Probe  
  13  0:16  Probe  
  14  0:26  Pylon  
  14  0:28  Probe  
  15  0:44  Probe  
  15  0:45  Gateway  
  15  0:48  Assimilator  
  16  0:57  Probe  
  17  1:05  Probe  
  17  1:06  Assimilator  
  18  1:14  Probe  
  19  1:23  Probe  
  20  1:34  Cybernetics Core  
  20  1:38  Pylon  
  20  1:39  Probe  
  21  1:51  Pylon, Probe  
  22  2:01  Warp Gate  
  22  2:03  Probe  
  23  2:08  Gateway  
  23  2:16  Pylon  
  23  2:19  Probe  
  24  2:31  Probe  
  24  2:34  Twilight Council  
  25  2:43  Probe  
  26  2:44  Stalker  
  28  2:52  Charge  
  28  2:54  Gateway  
  28  2:55  Probe  
  29  2:59  Stalker  
  29  3:05  Pylon  
  31  3:20  Robotics Facility  
  31  3:27  Stalker  
  33  3:37  Gateway  
  33  3:54  Stalker  
  35  3:56  Zealot  
  37  4:03  Observer  
  38  4:11  Zealot  
  38  4:14  Pylon  
  40  4:18  Warp Prism  
  42  4:41  Stalker x2  
  42  4:42  Stalker  
  48  4:48  Probe  
  48  4:56  Stalker  
  50  5:00  Probe  
  51  5:08  Pylon  
  51  5:12  Zealot  
  54  5:17  Zealot  
  55  5:49  Zealot x4  
  61  6:28  Stalker  
  61  6:29  Zealot x3  
Show
View Real Time Build Order
Export as new Build Order

Kronus Terran - Winner!

Build Orders:  

Get SALT Encoding   

  12  0:01  SCV  
  13  0:13  SCV  
  14  0:21  Supply Depot  
  14  0:25  SCV  
  15  0:44  Barracks  
  15  0:55  SCV  
  16  0:59  Refinery  
  16  1:12  Barracks  
  16  1:16  SCV  
  17  1:23  Supply Depot  
  17  1:33  Marine  
  17  1:35  Orbital Command  
  18  1:43  Barracks  
  18  1:54  Supply Depot  
  18  2:01  Marine  
  18  2:02  Marine  
  20  2:19  Marine x2  
  22  2:24  Supply Depot  
  22  2:25  SCV  
  23  2:34  Barracks Tech Lab  
  23  2:36  Marine  
  24  2:37  Marine  
  24  2:43  SCV  
  26  2:53  Engineering Bay  
  26  2:55  Marine x2  
  28  3:00  SCV  
  28  3:01  Marine  
  30  3:15  SCV  
  30  3:16  Marine x2, Stimpack  
  33  3:21  Terran Infantry Weapons Level 1  
  33  3:25  Marine  
  34  3:34  Marine x2  
  36  3:42  Marine  
  36  3:44  Factory  
  37  3:52  Marine x2  
  39  4:00  Marine  
  40  4:07  Supply Depot  
  40  4:10  Marine x2, SCV  
  40  4:11  Refinery  
  43  4:18  Marine  
  44  4:28  Marine x2  
  33  4:36  Marine  
  28  4:40  SCV  
  29  4:45  Marine x2  
  31  4:54  Marine  
  32  5:02  SCV  
  32  5:03  Marine x2  
  32  5:05  Factory Reactor, Missile Turret  
  35  5:11  Marine  
  36  5:21  Marine  
  36  5:24  Barracks Reactor  
  36  5:54  Marine x2  
  38  6:01  Marine x2  
  40  6:05  SCV  
  41  6:11  Marine  
Show
View Real Time Build Order
Export as new Build Order

ROMANOV Terran - Winner!

Build Orders: 1/1/1, Banshee Rush 

Get SALT Encoding   

  12  0:02  SCV  
  13  0:14  SCV  
  14  0:27  SCV  
  14  0:28  Supply Depot  
  15  0:35  Refinery  
  15  0:45  Refinery  
  15  0:49  SCV  
  16  0:54  Barracks  
  16  1:01  SCV  
  17  1:14  SCV  
  18  1:28  SCV  
  19  1:42  Reaper, Orbital Command, Factory  
  20  2:06  Supply Depot  
  20  2:08  SCV  
  21  2:17  Barracks Reactor  
  21  2:22  SCV  
  22  2:25  Factory Tech Lab  
  22  2:28  Starport  
  22  2:36  SCV  
  23  2:59  Marine x2  
  23  3:03  SCV  
  26  3:08  Factory Tech Lab  
  26  3:18  Marine x2  
  26  3:19  Banshee, Cloaking Field  
  31  3:31  Siege Tank  
  31  3:33  Command Center  
  34  3:51  Marine  
  34  3:52  Marine  
  34  3:54  Supply Depot  
  36  4:02  Banshee  
  39  4:16  Marine x2, Siege Tank  
  40  4:29  Engineering Bay  
  40  4:36  Marine x2  
  42  4:47  SCV, Supply Depot  
  42  4:51  Siege Tank  
  46  5:26  Marine x2  
  46  5:27  Banshee, Siege Tank  
  54  5:31  Orbital Command  
  54  5:57  Marine x2  
Show
View Real Time Build Order
Export as new Build Order

Throwfordays Protoss 

Build Orders: 1 Gate Expand, Oracle Opening 

Get SALT Encoding   

  12  0:01  Probe  
  13  0:12  Pylon  
  13  0:15  Probe  
  14  0:23  Probe  
  15  0:31  Gateway, Probe  
  16  0:37  Assimilator  
  16  0:43  Probe  
  17  0:55  Probe  
  18  1:13  Probe  
  19  1:21  Cybernetics Core  
  19  1:24  Probe  
  19  1:27  Assimilator  
  19  1:32  Nexus, Probe  
  21  1:42  Probe  
  22  1:54  Pylon, Probe  
  23  2:02  Stargate  
  23  2:05  Pylon, Warp Gate  
  23  2:12  Probe  
  23  2:14  Pylon  
  24  2:17  Assimilator  
  24  2:21  Assimilator  
  24  2:22  Adept  
  26  2:31  Forge  
  25  2:46  Nexus  
  25  2:47  Oracle  
  27  3:07  Probe  
  27  3:08  Probe  
  29  3:14  Protoss Ground Weapons Level 1  
  29  3:15  Probe  
  29  3:19  Probe  
  30  3:25  Probe  
  31  3:27  Probe  
  31  3:28  Oracle  
  36  3:37  Probe x2  
  38  3:48  Pylon, Probe  
  38  3:52  Adept  
  41  3:56  Probe x2  
  43  4:05  Probe  
  44  4:55  Stalker  
  44  4:57  Void Ray  
  44  4:59  Stargate  
  50  5:01  Robotics Facility  
  46  5:22  Photon Cannon  
  45  5:31  Photon Cannon  
  47  5:45  Adept  
  55  5:54  Probe  
  52  6:03  Probe  
  52  6:04  Gateway x2  
  51  6:06  Gateway  
  51  6:07  Gateway  
  44  6:12  Probe  
Show
View Real Time Build Order
Export as new Build Order

Cthulhu Zerg 

Build Orders: Hatch First 

Get SALT Encoding   

  12  0:14  Drone x2  
  14  0:23  Overlord  
  14  0:34  Overlord  
  14  0:44  Drone  
  15  0:58  Hatchery  
  14  1:13  Drone  
  14  1:16  Drone  
  14  1:17  Drone  
  17  1:19  Extractor  
  16  1:29  Drone  
  17  1:33  Spawning Pool  
  16  1:41  Overlord  
  16  1:49  Drone  
  17  2:11  Drone x2  
  17  2:12  Drone  
  20  2:23  Queen  
  22  2:32  Queen  
  22  2:34  Zergling x4  
  26  2:38  Metabolic Boost  
  26  2:42  Extractor  
  25  3:13  Zergling x2  
  25  3:14  Zergling x10  
  31  3:42  Zergling x4  
  31  3:43  Zergling x8  
  31  3:48  Baneling Nest  
  36  3:54  Drone x2  
  38  3:58  Drone  
  37  4:31  Drone x8  
  34  5:06  Zergling x2  
  35  5:07  Zergling x16  
  35  5:10  Baneling Nest  
  42  5:19  Lair  
  42  5:21  Drone  
  43  5:51  Baneling  
  43  5:52  Baneling x3  
  43  5:54  Overlord  
  43  5:55  Overlord  
Show
View Real Time Build Order
Export as new Build Order

Faust Terran 

Build Orders:  

Get SALT Encoding   

  12  0:01  SCV  
  13  0:13  SCV  
  14  0:25  SCV  
  14  0:28  Supply Depot  
  15  0:49  SCV  
  16  1:01  SCV  
  17  1:07  Barracks  
  17  1:11  Refinery  
  17  1:14  SCV  
  18  1:33  SCV  
  19  1:46  SCV  
  20  1:56  Marine  
  20  1:58  SCV  
  20  2:00  Refinery  
  22  2:10  SCV  
  23  2:20  Supply Depot  
  23  2:41  Marine  
  23  2:42  SCV  
  25  2:52  Barracks  
  25  2:59  Marine  
  27  3:20  Marine  
  27  3:23  Orbital Command  
  27  3:36  Command Center  
  27  3:51  SCV  
  28  4:03  SCV  
  29  4:14  Factory  
  29  4:16  SCV  
  30  4:42  Marine  
  31  4:48  Marine  
  31  4:50  SCV  
  33  5:02  SCV  
Tags
 
Add a new tag
Caveats
  • Supply blocks, unpowered buildings, or Contaminate may cause inaccurate times.
  • Supply counts are checked every 10 seconds.